 Dungeon Crawl Stone Soup version 0.17-a0-1596-g1e86911 (webtiles) character file.

2730 urechis the Basher (level 9, 0/101 HPs)
             Began as an Ogre Gladiator on July 31, 2015.
             Was an Initiate of Ru.
             Slain by a komodo dragon (18 damage)
             ... on level 8 of the Dungeon.
             The game lasted 00:13:13 (6068 turns).

urechis the Basher (Ogre Gladiator)                 Turns: 6068, Time: 00:13:13

Health: 0/101      AC:  6    Str: 25    XL:     9   Next: 67%
Magic:  0/9        EV: 11    Int:  7    God:    Ru [......]
Gold:   327        SH:  0    Dex: 15    Spells: 0 memorised, 8 levels left

rFire  . . .     SeeInvis .     y - +0 giant club
rCold  . . .     Clarity  .     N - +2 robe {Archmagi}
rNeg   . . .     SustAt   .     (no shield)
rPois  .         Gourm    .     c - +0 hat
rElec  .         Spirit   +     t - +0 cloak
rCorr  .         Warding  .     (gloves unavailable)
rMut   .         Stasis   .     (boots unavailable)
MR     .....                    L - amulet of guardian spirit
Stlth  ..........               z - ring of flight
                                H - +5 ring of dexterity

@: confused, not resistant to hostile enchantments, extremely unstealthy
A: unfitting armour, tough skin 1, no stealth
a: Renounce Religion, Evoke Flight


You were on level 8 of the Dungeon.
You worshipped Ru.
Ru was noncommittal.
You were not hungry.

You visited 2 branches of the dungeon, and saw 9 of its levels.

You collected 327 gold pieces.

Inventory:

Hand weapons
 a - a +0 flail
 b - a +0 blowgun
 y - a +0 giant club (weapon)
Missiles
 e - 3 throwing nets (quivered)
 k - 49 poisoned needles
 r - 6 curare-tipped needles
 K - 3 tomahawks of dispersal
Armour
 c - a +0 hat (worn)
 t - a +0 cloak (worn)
 N - a +2 robe of the Archmagi (worn)
Jewellery
 n - an uncursed amulet of regeneration
 z - a ring of flight (right hand)
 H - a +5 ring of dexterity (left hand)
 L - an amulet of guardian spirit (around neck)
Magical devices
 h - a wand of invisibility (1)
 J - a wand of lightning (8)
Scrolls
 g - 2 scrolls of immolation
 j - 2 scrolls of fear {unknown}
 l - 3 scrolls of enchant armour
 p - 8 scrolls of remove curse
 s - 2 scrolls of fog
 v - a scroll of amnesia {unknown}
 x - a scroll of magic mapping {unknown}
 B - 2 scrolls of recharging {unknown}
 D - 4 scrolls of identify
 F - a scroll of teleportation {unknown}
 I - 2 scrolls of enchant weapon {unknown}
 M - a scroll of blinking {unknown}
Potions
 o - a potion of curing {unknown}
 q - a potion of lignification {unknown}
 w - a potion of invisibility {unknown}
 A - a potion of heal wounds {unknown}
Comestibles
 d - 8 bread rations
 i - 10 fruits
 m - 3 slices of pizza
 u - 3 beef jerkies
 G - a royal jelly


   Skills:
 + Level 9.9 Fighting
 * Level 13.8 Maces & Flails
 - Level 2.1 Throwing
 - Level 2.6 Dodging


You had 8 spell levels left.
You didn't know any spells.

Dungeon Overview and Level Annotations

Branches:
Dungeon (8/15)             Temple (1/1) D:4
   Lair: D:8-11

Altars:
Ashenzari
Cheibriados
Dithmenos
Elyvilon
Fedhas
Gozag
Kikubaaqudgha
Makhleb
Nemelex Xobeh
Okawaru
Qazlal
Ru
Sif Muna
Trog
Vehumet
Xom
Yredelemnul
Zin
The Shining One

Annotations:
D:3 karlkraus's ghost, average MiFi
D:7 4 runed doors


Innate Abilities, Weirdness & Mutations

You are too large for most types of armour.
You have tough skin (AC +1).
You cannot be stealthy.


Message History

The komodo dragon completely misses you.
You bludgeon the komodo dragon!!
You kill the komodo dragon!
You sock the komodo dragon!
The komodo dragon is moderately wounded.
The komodo dragon bites you!!
You thump the komodo dragon!
The komodo dragon is severely wounded.
The komodo dragon closely misses you.
You barely miss the komodo dragon.
The komodo dragon is severely wounded.
The komodo dragon bites you!!
* * * LOW HITPOINT WARNING * * *
Drink which item? (? for menu, Esc to quit)
You are confused.
You feel invigorated.
You hit the iguana.
The iguana is lightly wounded.
The komodo dragon bites you!!
You die...

#### ### ### ...# ###
####.# ## ..# ....
##.###..†#### #.
#.##....
......###...######
#.#####......
####.#.#####..##.#
###......[..)# #####
##...l###.......%###.#
##..@l.†...###.#..#
############..##.#
#.### ## ##


You could see a komodo dragon and an iguana.

Vanquished Creatures
  A komodo dragon (D:8)
  A two-headed ogre (D:8)
  A wyvern (D:8)
  Menkaure (D:7)
  A steam dragon (D:8)
  A phantom (D:4)
  2 centaurs
  4 ogres
  A sky beast (D:2)
  2 giant frogs (D:6)
  A scorpion (D:5)
  7 wights
  3 crimson imps
  A jelly (D:4)
  A hound (D:6)
  5 orc wizards
  A giant frog skeleton (D:5)
  An orc priest (D:6)
  3 worker ants
  4 iguanas
  2 hound zombies
  2 worker ant zombies
  3 gnolls
  3 adders
  An ooze (D:2)
  3 adder skeletons
  4 worms
  6 giant geckos
  10 orcs
  3 ball pythons
  11 bats
  9 goblins
  8 hobgoblins
  7 jackals
  A quokka (D:4)
  4 giant cockroaches
  A giant gecko skeleton (D:6)
  3 giant newts
  10 kobolds
  5 rats
  2 rat zombies (D:8)
140 creatures vanquished.

Vanquished Creatures (others)
  4 toadstools (D:1)
4 creatures vanquished.

Grand Total: 144 creatures vanquished

Notes
Turn   | Place    | Note
--------------------------------------------------------------
     0 | D:1      | urechis the Ogre Gladiator began the quest for the Orb.
     0 | D:1      | Reached XP level 1. HP: 22/22 MP: 1/1
   438 | D:1      | Reached XP level 2. HP: 25/29 MP: 2/2
   720 | D:1      | Reached skill level 5 in Maces & Flails
   970 | D:1      | Reached XP level 3. HP: 32/37 MP: 3/3
  1145 | D:2      | Reached XP level 4. HP: 36/48 MP: 4/4
  1221 | D:2      | Found a bloodstained altar of Trog.
  1284 | D:2      | Found a blossoming altar of Fedhas.
  1691 | D:3      | Reached skill level 6 in Maces & Flails
  1830 | D:3      | Noticed karlkraus's ghost (average MiFi)
  1912 | D:3      | Found a faded altar to an unknown god.
  2102 | D:3      | Found a deep blue altar of Sif Muna.
  2249 | D:2      | Noticed a sky beast
  2264 | D:2      | Killed a sky beast
  2264 | D:2      | Reached skill level 7 in Maces & Flails
  2264 | D:2      | Reached XP level 5. HP: 14/55 MP: 5/5
  2553 | D:4      | Noticed a phantom
  2553 | D:4      | Noticed an ogre
  2574 | D:4      | Killed an ogre
  2574 | D:4      | Reached skill level 5 in Fighting
  2574 | D:4      | Reached XP level 6. HP: 16/66 MP: 6/6
  2603 | D:4      | Killed a phantom
  2603 | D:4      | Reached skill level 8 in Maces & Flails
  3018 | D:4      | Found a staircase to the Ecumenical Temple.
  3030 | D:4      | Reached XP level 7. HP: 40/74 MP: 7/7
  3036 | Temple   | Entered the Ecumenical Temple
  3481 | D:5      | Entered Level 5 of the Dungeon
  3517 | D:5      | Reached skill level 9 in Maces & Flails
  3608 | D:5      | Found a sparkling altar of Nemelex Xobeh.
  3762 | D:5      | Found a sacrificial altar of Ru.
  3785 | D:5      | Became a worshipper of Ru the Awakened
  4212 | D:6      | Reached skill level 10 in Maces & Flails
  4212 | D:6      | Reached XP level 8. HP: 84/84 MP: 8/8
  4432 | D:6      | Found a glowing silver altar of Zin.
  4654 | D:7      | Noticed Menkaure
  4662 | D:7      | Killed Menkaure
  4662 | D:7      | Reached skill level 11 in Maces & Flails
  4775 | D:7      | Found a huge runed gate.
  4775 | D:7      | Found a huge runed gate.
  4775 | D:7      | Found a huge runed gate.
  4775 | D:7      | Noticed a polar bear
  4776 | D:7      | Noticed a polar bear
  4776 | D:7      | Noticed a polar bear
  4777 | D:7      | Noticed a polar bear
  4777 | D:7      | Noticed a polar bear
  4777 | D:7      | Noticed a griffon
  4777 | D:7      | Found a huge runed gate.
  4777 | D:7      | Noticed a polar bear
  4778 | D:7      | Noticed a polar bear
  5152 | D:7      | Gained mutation: You cannot be stealthy. [Ru sacrifice]
  5515 | D:8      | Reached skill level 12 in Maces & Flails
  5520 | D:8      | Reached XP level 9. HP: 83/97 MP: 7/9
  5527 | D:8      | Noticed a two-headed ogre
  5540 | D:8      | Killed a two-headed ogre
  5688 | D:8      | Reached skill level 13 in Maces & Flails
  5946 | D:8      | Found an ancient bone altar of Kikubaaqudgha.
  6042 | D:8      | Noticed a komodo dragon
  6046 | D:8      | Noticed a komodo dragon
  6062 | D:8      | Killed a komodo dragon
  6068 | D:8      | Slain by a komodo dragon

Vault maps used:
D:1:      ldierk_walled_garden_2, kennysheep_decorative_pillar, minmay_bisected
D:2:      old_standard_altar, hex_tiny, trog_book
D:3:      led_sif_pool, first_bread, ecumenical_altar_1
D:4:      temple_fountains
D:5:      nicolae_ru_great_annihilating_truth, nemelex_lonely_heart_becter
D:6:      zin_treasury
D:7:      lemuel_bear_cage, uniq_menkaure
D:8:      lemuel_zombie_altar_kikubaaqudgha, erik_lair_dragon, david_nohive_1,
          sword_in_stone
Temple:   water_room_temple_a_12

Action                   |  1- 3 |  4- 6 |  7- 9 || total
-------------------------+-------+-------+-------++-------
Melee: Flail             |    74 |   114 |       ||   188
       Giant club        |       |    29 |   199 ||   228
Invok: Sacrifice Stealth |       |       |     1 ||     1
  Use: Scroll            |       |     7 |       ||     7
       Potion            |       |       |     1 ||     1
 Stab: Sleeping          |       |     1 |     4 ||     5
       Invisible         |       |       |     2 ||     2
  Eat: Chunk             |     1 |     7 |     6 ||    14
       Fruit             |       |       |     2 ||     2
       Bread ration      |       |       |     1 ||     1
